 Dungeon Crawl Stone Soup version 0.29.0-7-g18a832c13a (webtiles) character file.

Game seed: 15542816911208779505

201 Destapler the Trooper (level 5, -3/47 HPs)
             Began as a Minotaur Berserker on Aug 31, 2022.
             Was a Believer of Trog.
             Splashed by a jelly's acid (10 damage)
             ... on level 4 of the Dungeon.
             The game lasted 00:05:47 (3270 turns).

Destapler the Trooper (Minotaur Berserker)          Turns: 3270, Time: 00:05:47

Health: -3/47      AC: -4    Str: 24    XL:     5   Next: 50%
Magic:  4/4        EV: 12    Int:  4    God:    Trog [**....]
Gold:   161        SH:  0    Dex:  9    Spells: 4/4 levels left

rFire   . . .      SeeInvis .   d - +9 sword of Zonguldrok {reap}
rCold   . . .      Faith    .   (no shield)
rNeg    . . .      Spirit   .   (no body armour)
rPois   .          Reflect  .   (helmet restricted)
rElec   .          Harm     .   (no cloak)
rCorr   .          Rampage  .   (no gloves)
Will    .....                   (no boots)
Stlth   +.........              (no amulet)
HPRegen 0.15/turn               i - +4 ring of protection
MPRegen 0.09/turn               u - ring of flight

@: corroded, on berserk cooldown, flying, slowed, very slow
A: horns 2, retaliatory headbutt
a: Renounce Religion, Berserk, Trog's Hand


You were on level 4 of the Dungeon.
You worshipped Trog.
Trog was pleased with you.
You visited 1 branch of the dungeon, and saw 4 of its levels.

You collected 161 gold pieces.

Inventory:

Hand Weapons
 d - the +9 sword of Zonguldrok (weapon) {reap}
   (You acquired it on level 3 of the Dungeon)

   Any living foe damaged by it may be reanimated upon death as a zombie
   friendly to the wielder, with an increasing chance as more damage is dealt.
Missiles
 m - 15 stones (quivered)
Armour
 w - a +0 scale mail
Jewellery
 i - a +4 ring of protection (left hand)
 u - a ring of flight (right hand)
Wands
 n - a wand of polymorph (2)
 v - a wand of paralysis (5)
Scrolls
 c - a scroll of enchant weapon
 e - 2 scrolls of identify
 k - a scroll of poison
 r - a scroll of blinking {unknown}
 t - a scroll of enchant armour {unknown}
Potions
 g - a potion of invisibility {unknown}
 j - 2 potions of resistance
 p - 2 potions of heal wounds {unknown}
 q - 2 potions of flight {unknown}
 s - a potion of might {unknown}


   Skills:
 + Level 4.8 Fighting
 * Level 0.8 Long Blades
 - Level 4.7 Axes
 + Level 0.3 Throwing
 + Level 3.9 Armour
 + Level 3.6 Dodging
 + Level 0.3 Evocations


You had 4 spell levels left.
You didn't know any spells.
Your spell library contained the following spells:

 Spells                   Type           Power      Damage    Failure   Level
 Blink                    Tloc           0%         N/A       65%         2
 Manifold Assault         Tloc           0%         N/A       100%        5
 Storm Form               Tmut/Air       0%         N/A       100%        7


Dungeon Overview and Level Annotations

Branches:
Dungeon (4/15)
 Temple: D:4-7

Altars:
Dithmenos
Fedhas
Gozag
Xom
Zin


Innate Abilities, Weirdness & Mutations

You have a pair of horns on your head.
You reflexively headbutt those who attack you in melee.


Message History

You slash the adder!
You kill the adder!
Trog accepts your kill.
You feel very sick.
Your ball python zombie bites the jelly.
Your ball python zombie is burned by acid!
Your ball python zombie is destroyed!
The dart slug launches a dart at you. The slug dart misses you.
The dart slug briefly extends its eye-stalks.
You feel sick. The dart slug launches a dart at you. The slug dart hits you.
The dart slug launches a dart at you. The slug dart misses you.
The jelly misses you. You furiously retaliate!
You headbutt the jelly. You hit the jelly. The acid corrodes you!
Your hands burn!
The jelly is almost dead.
You feel sick.
You are no longer poisoned.
The jelly barely misses you. The jelly hits you. The acid corrodes you!
You are splashed with acid!
* * * LOW HITPOINT WARNING * * *
The jelly barely misses you. The dart slug launches a dart at you.
The slug dart hits you.
* * * LOW HITPOINT WARNING * * *
The dart slug launches a dart at you. The slug dart hits you.
* * * LOW HITPOINT WARNING * * *
Okay, then.
The jelly closely misses you. You furiously retaliate!
You headbutt the jelly, but do no damage.
Your dart slug zombie barely misses the jelly.
You see here 6 stones.
A dart slug comes into view.
The jelly hits you.
* * * LOW HITPOINT WARNING * * *
You are splashed with acid!
You die...

......~~.~~.#.####...
.....~~~~~~~..<......
...~≈~#≈~~≈≈~~.......
..≈w≈≈~~~≈≈Z~≈~......
..~≈≈≈≈w≈≈≈≈#≈~.##...#
#~~≈≈≈≈~#≈≈≈≈≈~### ..#
#≈~≈≈≈~~~~≈≈≈≈≈≈#...#
~~.♣~~J♣Z#~?~≈≈≈#...#
.~~.w[..@.....##.....#
≈≈~?≈#~.Z.~.$.#~~...#
~~≈~.~≈≈~~≈≈≈~~≈~####
.~≈≈~≈≈#≈~≈≈#≈≈≈##
..≈≈≈≈#≈~~#≈≈≈~.########.
.#~≈≈≈~~~≈≈≈≈~~......)...
##≈≈~~≈≈≈≈~≈~.......###.
##w ~~≈≈≈#†.<.......#
~~.~~...........#


You could see a jelly (ally target), 4 dart slugs, a friendly endoplasm zombie
and 2 friendly dart slug zombies.

Vanquished Creatures
  Terence (D:3)
  Robin (D:2)
  3 gnolls (D:3)
  5 adders
  2 worms (D:2)
  8 dart slugs
  4 orcs (D:3)
  4 ball pythons
  3 bats
  2 endoplasms
  4 giant cockroaches
  14 goblins
  6 hobgoblins
  3 frilled lizards
  4 kobolds
  A rat (D:2)
65 creatures vanquished.

Vanquished Creatures (collateral kills)
  A dart slug (D:4)
1 creature vanquished.

Vanquished Creatures (others)
  An adder zombie (D:4)
  2 ball python zombies (D:4)
3 creatures vanquished.

Grand Total: 69 creatures vanquished

Notes
Turn   | Place    | Note
-------+----------+-------------------------------------------
     0 | D:1      | Destapler the Minotaur Berserker began the quest for the
                  | Orb.
     0 | D:1      | Reached XP level 1. HP: 19/19 MP: 0/0
    96 | D:1      | Found a faded altar of an unknown god.
   308 | D:1      | Reached XP level 2. HP: 27/27 MP: 1/1
   863 | D:2      | Found a shimmering altar of Xom.
   975 | D:2      | Reached XP level 3. HP: 33/33 MP: 2/2
  1295 | D:2      | Reached ** piety under Trog
  1365 | D:2      | Noticed Robin
  1383 | D:2      | Killed Robin
  1384 | D:2      | Reached XP level 4. HP: 7/41 MP: 3/3
  2046 | D:3      | Noticed Terence
  2061 | D:3      | Killed Terence
  2713 | D:3      | Found a glowing silver altar of Zin.
  2713 | D:3      | Found a shadowy altar of Dithmenos.
  2719 | D:3      | Reached XP level 5. HP: 47/47 MP: 4/4
  2808 | D:3      | Found a blossoming altar of Fedhas.
  2808 | D:3      | Found an opulent altar of Gozag.
  3037 | D:3      | Identified a scroll of acquirement
  3037 | D:3      | Acquired the +9 sword of Zonguldrok {reap}
  3037 | D:3      | Found the +9 sword of Zonguldrok {reap}
  3270 | D:4      | Splashed by a jelly's acid

Illustrated notes

Levels and vault maps discovered:
D:1:      shiori_arrival_elements, layout_rooms,
          shapermc_ecumenical_altar_mp_urbaneastern, minmay_crystal_room,
          reono_crystal_passage
D:2:      layout_basic, basic_altar, uniq_robin
D:3:      layout_basic, grunt_temple_overflow_open,
          chequers_serial_rivers_marsh, uniq_terence
D:4:      kennysheep_slugbush, layout_loops_cross, nicolae_vehumet_radiance,
          kiku_gazebo_pond_becter, uniq_menkaure

Skill      XL: |  1  2  3 |
---------------+----------+-----
Fighting       | 4 |  4.8
Axes           | 4 |  4.7
Armour         | 3 |  3.9
Dodging        | 3 |  3.6
Long Blades    | |  0.8
Throwing       | |  0.3
Evocations     | |  0.3

Action                   |  1- 3 |  4- 6 || total
-------------------------+-------+-------++-------
Melee: Hand axe          |    81 |    45 ||   126
       Headbutt          |     6 |     9 ||    15
       Punch             |     1 |       ||     1
       Unarmed           |    11 |     4 ||    15
       Double sword      |       |    16 ||    16
Invok: Berserk           |       |     3 ||     3
  Use: Scroll            |       |     6 ||     6
 Stab: Sleeping          |     1 |       ||     1
Armor: Animal skin       |    20 |    14 ||    34
       Skin              |       |    12 ||    12
Dodge: Dodged            |    53 |    59 ||   112
